Sound Tigers vs Heat
Created - December 21, 2023 at 19:20
Goals
|
| Sound Tigers |
1 |
1 |
0 |
1 |
3 |
| Heat |
1 |
0 |
1 |
0 |
2 |
|
Shots
|
| Sound Tigers |
12 |
15 |
7 |
1 |
35 |
| Heat |
9 |
11 |
5 |
0 |
25 |
|
1st period
1. Heat , Evgeny Svechnikov 11 (Petteri Lindbohm 3, Rasmus Andersson 29) at 5:41
2. Sound Tigers , Jordan Greenway 16 (Joe Labate 21) at 10:30
Penalties :
Barclay Goodrow (Sto) for Roughing (Minor) at 1:03, Tyrell Goulbourne (BRI) for Hooking (Minor) at 11:23, Petteri Lindbohm (Sto) for Tripping (Minor) at 18:46
2nd period
3. Sound Tigers , Tyrell Goulbourne 9 (Oliver Kylington 21, Brett Connolly 10) at 15:35
Penalties :
Peter Cehlarik (Sto) for Interference (Minor) at 16:46
3rd period
4. Heat , Ryan Donato 6 (Erik Brannstrom 17, Frank Corrado 12) at 13:37
Penalties :
Austin Watson (BRI) for Cross-checking (Minor) at 0:03, Barclay Goodrow (Sto) for Slashing (Minor) at 4:08, Petteri Lindbohm (Sto) for Interference (Minor) at 4:30, Rasmus Andersson (Sto) for Cross-checking (Minor) at 9:40
Overtime #1
5. Sound Tigers , Ben Thomson 14 (Oliver Kylington 22) at 0:06
Penalties :
No Penalty
Goalie Stats
Charlie Lindgren (BRI), 23 saves from 25 shots - (0.920), W, 16-8-0, 60:06 minutes
Vitek Vanecek (Sto), 32 saves from 35 shots - (0.914), OTL, 2-2-2, 60:06 minutes
Players Stats for Sound Tigers
Player Name G A P +/- PIM S H SB GA TA FO MP PP MP PK MP
------------------------------------------------------------------------------------
Alex Belzile 0 0 0 -1 0 1 3 0 1 1 0/0 17:37 5:02 0:00
Alexander Yelesin 0 0 0 0 0 4 3 3 0 1 0/0 20:58 4:23 1:43
Austin Watson 0 0 0 1 2 3 1 1 0 0 0/1 20:09 5:15 0:00
Ben Thomson 1 0 1 0 0 2 2 0 1 0 1/2 19:19 5:00 1:40
Brett Connolly 0 1 1 0 0 2 0 0 0 0 0/0 11:01 0:00 0:00
Filip Zadina 0 0 0 0 0 1 0 0 0 0 0/0 7:41 0:02 0:23
Garret Pilon 0 0 0 0 0 0 3 0 1 0 2/5 7:09 0:00 0:00
Jakub Galvas 0 0 0 0 0 1 0 4 0 0 0/0 12:38 0:00 0:00
Joe Labate 0 1 1 1 0 4 3 0 2 0 20/34 22:04 5:15 1:54
Jordan Greenway 1 0 1 2 0 5 2 0 2 1 0/1 22:11 5:15 1:55
Nick Blankenburg 0 0 0 0 0 0 1 2 0 0 0/0 20:58 4:23 1:43
Oliver Kylington 0 2 2 1 0 2 0 2 2 0 0/0 26:30 5:54 2:15
Pavel Kraskovsky 0 0 0 -1 0 2 1 1 0 0 6/15 19:18 5:02 1:41
Rhett Gardner 0 0 0 0 0 2 1 0 0 1 4/6 11:29 0:00 0:23
Ross Colton 0 0 0 0 0 1 1 0 0 0 1/1 7:09 0:00 0:00
Simon Benoit 0 0 0 0 0 0 0 0 0 0 0/0 12:38 0:00 0:00
Slater Koekkoek 0 0 0 0 0 3 4 0 2 1 0/0 26:24 5:54 2:15
Tyrell Goulbourne 1 0 1 0 2 2 3 0 0 1 0/0 11:05 0:00 0:00
Players Stats for Heat
Player Name G A P +/- PIM S H SB GA TA FO MP PP MP PK MP
------------------------------------------------------------------------------------
Barclay Goodrow 0 0 0 -1 4 1 3 0 0 3 1/2 18:34 1:42 4:32
Brandon Hickey 0 0 0 0 0 1 0 3 0 1 0/0 18:53 0:00 5:23
Christian Jaros 0 0 0 0 0 0 2 2 0 2 0/0 15:35 0:00 4:04
Eric Karlsson 0 0 0 1 0 0 0 0 0 0 1/1 12:03 0:00 2:05
Erik Brannstrom 0 1 1 0 0 1 2 1 1 0 0/0 16:36 2:19 0:07
Evgeny Svechnikov 1 0 1 0 0 7 4 2 0 0 2/4 18:14 2:16 0:00
Frank Corrado 0 1 1 0 0 0 0 3 0 1 0/0 18:37 1:39 1:10
Jesper Bratt 0 0 0 -1 0 0 1 1 0 0 1/1 16:06 2:16 2:03
Nico Sturm 0 0 0 1 0 2 1 2 0 1 8/25 20:31 2:16 2:03
Peter Cehlarik 0 0 0 0 2 5 2 0 0 1 4/6 21:53 0:00 5:02
Petteri Lindbohm 0 1 1 0 4 1 4 4 0 0 0/0 24:59 1:39 4:33
Rasmus Andersson 0 1 1 -1 2 2 0 0 2 2 0/0 26:05 2:19 5:16
Ryan Donato 1 0 1 1 0 1 1 0 1 0 4/8 13:01 1:42 1:42
Ryan Spooner 0 0 0 -1 0 3 1 0 2 0 9/15 14:45 1:42 1:30
Tage Thompson 0 0 0 -1 0 0 0 0 0 0 0/0 7:35 0:00 0:00
Taylor Raddysh 0 0 0 1 0 1 0 0 0 0 0/0 9:41 0:00 0:00
Vitali Kravtsov 0 0 0 -1 0 0 0 0 0 0 0/0 7:35 0:00 0:00
Vladislav Kamenev 0 0 0 -1 0 0 1 0 0 0 1/3 7:35 0:00 0:00
3 Stars
1 - Jordan Greenway (BRI)
2 - Evgeny Svechnikov (Sto)
3 - Oliver Kylington (BRI)
Power Play
Sound Tigers - 0 on 6 Attempt(s) - 0.00%
Heat - 0 on 2 Attempt(s) - 0.00%
Penalty Kill
Sound Tigers - 2 on 2 Attempt(s) - 100.00%
- Score 0 goal in Penalty Kill
Heat - 6 on 6 Attempt(s) - 100.00%
- Score 0 goal in Penalty Kill
Team Stat
Sound Tigers - Hits : 28 - Faceoff Wins : 34 - Blocked Shots : 13 - Penalty Minutes : 4
Heat - Hits : 22 - Faceoff Wins : 31 - Blocked Shots : 18 - Penalty Minutes : 12
Official
Referees : Tim Peel and Mitch Dunning
Linesman : Mark Shewchyk and Jonny Murray
Game Notes
No Game Note
Finance
Level 1 -- Attendance: 1686 (84.30%) -- Ticket Income $118,020
Level 2 -- Attendance: 1000 (100.00%) -- Ticket Income $40,000
Total Attendance: 2686 (89.53%)
Total Ticket Income: $158,020
Other Income: $7,901
Total Income: $165,921
Sound Tigers
5 vs 5 Forward
Center Left Wing Right Wing Time % Phy DF OF
1 Joe Labate Jordan Greenway Austin Watson 40 1 2 2
2 Pavel Kraskovsky Ben Thomson Alex Belzile 30 1 2 2
3 Rhett Gardner Tyrell Goulbourne Brett Connolly 20 1 2 2
4 Garret Pilon Filip Zadina Ross Colton 10 1 2 2
5 vs 5 Defense
Defense Defense Time % Phy DF OF
1 Oliver Kylington Slater Koekkoek 40 1 2 2
2 Nick Blankenburg Alexander Yelesin 30 1 2 2
3 Jakub Galvas Simon Benoit 20 1 2 2
4 Oliver Kylington Slater Koekkoek 10 1 2 2
PowerPlay Forward
Center Left Wing Right Wing Time % Phy DF OF
1 Joe Labate Jordan Greenway Austin Watson 60 1 2 2
2 Pavel Kraskovsky Ben Thomson Alex Belzile 40 1 2 2
PowerPlay Defense
Defense Defense Time % Phy DF OF
1 Oliver Kylington Slater Koekkoek 60 1 2 2
2 Nick Blankenburg Alexander Yelesin 40 1 2 2
Penalty Kill 4 Players Forward
Center Wing Time % Phy DF OF
1 Joe Labate Jordan Greenway 60 1 2 2
2 Pavel Kraskovsky Ben Thomson 40 1 2 2
Penalty Kill 4 Players Defense
Defense Defense Time % Phy DF OF
1 Oliver Kylington Slater Koekkoek 60 1 2 2
2 Nick Blankenburg Alexander Yelesin 40 1 2 2
Penalty Kill - 3 Players Forward
Forward Time % Phy DF OF
1 Joe Labate 60 1 2 2
2 Pavel Kraskovsky 40 1 2 2
Penalty Kill - 3 Players Defense
Defense Defense Time % Phy DF OF
1 Oliver Kylington Slater Koekkoek 60 1 2 2
2 Nick Blankenburg Alexander Yelesin 40 1 2 2
4 vs 4 Forward
Center Wing Time % Phy DF OF
1 Joe Labate Jordan Greenway 60 1 2 2
2 Pavel Kraskovsky Ben Thomson 40 1 2 2
4 vs 4 Defense
Defense Defense Time % Phy DF OF
1 Oliver Kylington Slater Koekkoek 60 1 2 2
2 Nick Blankenburg Alexander Yelesin 40 1 2 2
Last Minutes Offensive
Center Left Wing Right Wing Defense Defense
Joe Labate Jordan Greenway Austin Watson Oliver Kylington Slater Koekkoek
Last Minutes Defensive
Center Left Wing Right Wing Defense Defense
Joe Labate Jordan Greenway Austin Watson Oliver Kylington Slater Koekkoek
Goaltenders
Starting : Charlie Lindgren
Backup : Chris Driedger
Extra Forwards
Normal : Joe Labate, Pavel Kraskovsky, Brett Connolly - PP : Joe Labate, Pavel Kraskovsky - PK : Joe Labate
Extra Defensemen
Normal : Alexander Yelesin, Jakub Galvas, Simon Benoit - PP : Alexander Yelesin - PK : Alexander Yelesin, Jakub Galvas
Penalty Shots
Jordan Greenway, Ben Thomson, Austin Watson, Alex Belzile, Joe Labate
Custom OT Lines Forwards
Jordan Greenway, Ben Thomson, Austin Watson, Alex Belzile, Joe Labate, Pavel Kraskovsky, Brett Connolly, Ross Colton, Rhett Gardner, Tyrell Goulbourne
Custom OT Lines Defensemen
Oliver Kylington, Slater Koekkoek, Nick Blankenburg, Alexander Yelesin, Jakub Galvas
Scratches
Connor Dewar (Healthy), Alex Steeves (Healthy), Noah Cates (Healthy), Casey Staum (Healthy), Cole Koepke (Healthy)
Sean Maguire (Healthy)
Heat
5 vs 5 Forward
Center Left Wing Right Wing Time % Phy DF OF
1 Nico Sturm Peter Cehlarik Evgeny Svechnikov 40 1 2 2
2 Ryan Spooner Jesper Bratt Barclay Goodrow 30 1 2 2
3 Ryan Donato Eric Karlsson Taylor Raddysh 20 1 2 2
4 Vladislav Kamenev Vitali Kravtsov Tage Thompson 10 1 2 2
5 vs 5 Defense
Defense Defense Time % Phy DF OF
1 Petteri Lindbohm Rasmus Andersson 40 1 2 2
2 Erik Brannstrom Frank Corrado 30 1 2 2
3 Christian Jaros Brandon Hickey 20 1 2 2
4 Petteri Lindbohm Brandon Hickey 10 1 2 2
PowerPlay Forward
Center Left Wing Right Wing Time % Phy DF OF
1 Nico Sturm Jesper Bratt Evgeny Svechnikov 60 1 2 2
2 Ryan Spooner Ryan Donato Barclay Goodrow 40 1 2 2
PowerPlay Defense
Defense Defense Time % Phy DF OF
1 Erik Brannstrom Rasmus Andersson 60 1 2 2
2 Petteri Lindbohm Frank Corrado 40 1 2 2
Penalty Kill 4 Players Forward
Center Wing Time % Phy DF OF
1 Peter Cehlarik Barclay Goodrow 60 1 2 2
2 Nico Sturm Jesper Bratt 40 1 2 2
Penalty Kill 4 Players Defense
Defense Defense Time % Phy DF OF
1 Petteri Lindbohm Rasmus Andersson 60 1 2 2
2 Christian Jaros Brandon Hickey 40 1 2 2
Penalty Kill - 3 Players Forward
Forward Time % Phy DF OF
1 Ryan Spooner 60 1 2 2
2 Barclay Goodrow 40 1 2 2
Penalty Kill - 3 Players Defense
Defense Defense Time % Phy DF OF
1 Petteri Lindbohm Rasmus Andersson 60 1 2 2
2 Christian Jaros Brandon Hickey 40 1 2 2
4 vs 4 Forward
Center Wing Time % Phy DF OF
1 Nico Sturm Jesper Bratt 60 1 2 2
2 Ryan Spooner Evgeny Svechnikov 40 1 2 2
4 vs 4 Defense
Defense Defense Time % Phy DF OF
1 Petteri Lindbohm Rasmus Andersson 60 1 2 2
2 Erik Brannstrom Frank Corrado 40 1 2 2
Last Minutes Offensive
Center Left Wing Right Wing Defense Defense
Nico Sturm Jesper Bratt Evgeny Svechnikov Erik Brannstrom Rasmus Andersson
Last Minutes Defensive
Center Left Wing Right Wing Defense Defense
Nico Sturm Peter Cehlarik Barclay Goodrow Petteri Lindbohm Rasmus Andersson
Goaltenders
Starting : Vitek Vanecek
Backup : Joel Hofer
Extra Forwards
Normal : Jesper Bratt, Peter Cehlarik, Barclay Goodrow - PP : Peter Cehlarik, Eric Karlsson - PK : Peter Cehlarik
Extra Defensemen
Normal : Petteri Lindbohm, Brandon Hickey, Christian Jaros - PP : Frank Corrado - PK : Brandon Hickey, Christian Jaros
Penalty Shots
Jesper Bratt, Evgeny Svechnikov, Peter Cehlarik, Vitali Kravtsov, Ryan Spooner
Custom OT Lines Forwards
Peter Cehlarik, Evgeny Svechnikov, Nico Sturm, Jesper Bratt, Ryan Spooner, Eric Karlsson, Ryan Donato, Taylor Raddysh, Barclay Goodrow, Vitali Kravtsov
Custom OT Lines Defensemen
Rasmus Andersson, Erik Brannstrom, Petteri Lindbohm, Frank Corrado, Brandon Hickey
Scratches
Filip Hallander (Healthy), Dominik Masin (Separated Left Shoulder Injury), Skyler Brind'Amour (Healthy), John Gilmour (Healthy), Darren Raddysh (Healthy)
Tim Berni (Healthy), Ivan Chekhovich (Healthy), Trevor Carrick (Healthy), Radim Zohorna (Healthy), Demetrios Koumontzis (Healthy)
Michael Hutchinson (Healthy), Collin Delia (Healthy)
% Time on Ice - Sound Tigers
Lines # - Real PCT - Wanted PCT - Time Play
Normal Forward
1 - 33% - 40% - 15:00
2 - 28% - 30% - 12:35
3 - 24% - 20% - 11:01
4 - 16% - 10% - 7:09
Normal Defense
1 - 39% - 40% - 17:52
2 - 32% - 30% - 14:52
3 - 28% - 20% - 12:38
4 - 1% - 10% - 0:23
PP Forward
1 - 51% - 60% - 5:15
2 - 49% - 40% - 5:02
PP Defense
1 - 57% - 60% - 5:54
2 - 43% - 40% - 4:23
PK Forward
1 - 87% - 60% - 3:26
2 - 13% - 40% - 0:32
PK Defense
1 - 57% - 60% - 2:15
2 - 43% - 40% - 1:43
PK3 Forward
1 - 0% - 60%
2 - 0% - 40%
PK3 Defense
1 - 0% - 60%
2 - 0% - 40%
44 Forward
1 - 0% - 60%
2 - 0% - 40%
44 Defense
1 - 0% - 60%
2 - 0% - 40%
Last Minute Offensive - 0:00
Last Minute Defensive - 0:00
Total
Forward - 60:00
Defense - 60:00
|
% Time on Ice - Heat
Lines # - Real PCT - Wanted PCT - Time Play
Normal Forward
1 - 37% - 40% - 16:46
2 - 26% - 30% - 11:48
3 - 21% - 20% - 9:36
4 - 17% - 10% - 7:35
Normal Defense
1 - 39% - 40% - 18:03
2 - 35% - 30% - 16:10
3 - 23% - 20% - 10:25
4 - 2% - 10% - 1:07
PP Forward
1 - 57% - 60% - 2:16
2 - 43% - 40% - 1:42
PP Defense
1 - 58% - 60% - 2:19
2 - 42% - 40% - 1:39
PK Forward
1 - 76% - 60% - 6:37
2 - 24% - 40% - 2:03
PK Defense
1 - 69% - 60% - 6:00
2 - 31% - 40% - 2:40
PK3 Forward
1 - 81% - 60% - 1:19
2 - 19% - 40% - 0:18
PK3 Defense
1 - 100% - 60% - 1:37
2 - 0% - 40% - 0:00
44 Forward
1 - 0% - 60%
2 - 0% - 40%
44 Defense
1 - 0% - 60%
2 - 0% - 40%
Last Minute Offensive - 0:00
Last Minute Defensive - 0:00
Total
Forward - 60:00
Defense - 60:00
|
Play-by-Play
1st period
0:01 of 1st period - Joe Labate wins face-off versus Nico Sturm in neutral zone.
0:26 of 1st period - Evgeny Svechnikov is hit by Slater Koekkoek.
0:37 of 1st period - Icing by Erik Brannstrom.
0:38 of 1st period - Pavel Kraskovsky wins face-off versus Nico Sturm in Heat zone.
0:47 of 1st period - Backhand shot by Evgeny Svechnikov.
0:47 of 1st period - Shot Misses the Net.
0:49 of 1st period - Slapshot by Erik Brannstrom.
0:49 of 1st period - Stopped by Charlie Lindgren without a rebound.
0:50 of 1st period - Ross Colton wins face-off versus Ryan Spooner in Sound Tigers zone.
1:01 of 1st period - Wrist shot by Ross Colton.
1:01 of 1st period - Stopped by Vitek Vanecek with a rebound.
1:03 of 1st period - Minor Penalty to Barclay Goodrow for Roughing.
1:04 of 1st period - Peter Cehlarik wins face-off versus Joe Labate in Heat zone.
1:29 of 1st period - Petteri Lindbohm is hit by Ben Thomson and loses puck.
1:48 of 1st period - Icing by Nick Blankenburg.
1:49 of 1st period - Pavel Kraskovsky wins face-off versus Nico Sturm in Sound Tigers zone.
2:19 of 1st period - Wrist shot by Alex Belzile.
2:19 of 1st period - Stopped by Vitek Vanecek with a rebound.
2:21 of 1st period - Wrist shot by Ben Thomson.
2:21 of 1st period - Stopped by Vitek Vanecek without a rebound.
2:22 of 1st period - Joe Labate wins face-off versus Nico Sturm in Heat zone.
2:29 of 1st period - Petteri Lindbohm is hit by Slater Koekkoek and loses puck.
3:03 of 1st period - Penalty to Barclay Goodrow is over, Barclay Goodrow is back on ice.
3:27 of 1st period - Icing by Peter Cehlarik.
3:28 of 1st period - Garret Pilon wins face-off versus Vladislav Kamenev in Heat zone.
3:29 of 1st period - Snap shot by Oliver Kylington.
3:29 of 1st period - Deflect By Ross Colton.
3:29 of 1st period - Shot Misses the Net.
3:29 of 1st period - Puck is out of play.
3:30 of 1st period - Garret Pilon wins face-off versus Vladislav Kamenev in Heat zone.
3:55 of 1st period - Barclay Goodrow is hit by Slater Koekkoek and loses puck.
4:04 of 1st period - Snap shot by Joe Labate.
4:04 of 1st period - Shot Blocked by Erik Brannstrom.
4:06 of 1st period - Slapshot by Joe Labate.
4:06 of 1st period - Stopped by Vitek Vanecek with a rebound.
4:36 of 1st period - Backhand shot by Evgeny Svechnikov.
4:36 of 1st period - Shot Blocked by Nick Blankenburg.
4:38 of 1st period - Slapshot by Brandon Hickey.
4:38 of 1st period - Deflect By Evgeny Svechnikov.
4:38 of 1st period - Shot Blocked by Alexander Yelesin.
4:38 of 1st period - Puck is out of play.
4:39 of 1st period - Rhett Gardner wins face-off versus Nico Sturm in Sound Tigers zone.
4:51 of 1st period - Wrist shot by Evgeny Svechnikov.
4:51 of 1st period - Deflect By Peter Cehlarik.
4:51 of 1st period - Stopped by Charlie Lindgren without a rebound.
4:52 of 1st period - Joe Labate wins face-off versus Ryan Spooner in Sound Tigers zone.
5:41 of 1st period - Wrist shot by Evgeny Svechnikov.
5:41 of 1st period - Goal by Evgeny Svechnikov - Sound Tigers : 0 - Heat : 1.
5:42 of 1st period - Joe Labate wins face-off versus Barclay Goodrow in neutral zone.
5:49 of 1st period - Wrist shot by Austin Watson.
5:49 of 1st period - Shot Blocked by Brandon Hickey.
5:51 of 1st period - Slapshot by Austin Watson.
5:51 of 1st period - Stopped by Vitek Vanecek with a rebound.
5:53 of 1st period - Snap shot by Jordan Greenway.
5:53 of 1st period - Shot Blocked by Christian Jaros.
6:07 of 1st period - Peter Cehlarik is hit by Alex Belzile and loses puck.
6:35 of 1st period - Taylor Raddysh is hit by Tyrell Goulbourne.
6:57 of 1st period - Snap shot by Joe Labate.
6:57 of 1st period - Shot Misses the Net.
6:59 of 1st period - Slapshot by Jakub Galvas.
6:59 of 1st period - Deflect By Petteri Lindbohm.
6:59 of 1st period - Stopped by Vitek Vanecek with a rebound.
7:38 of 1st period - Snap shot by Evgeny Svechnikov.
7:38 of 1st period - Stopped by Charlie Lindgren without a rebound.
7:39 of 1st period - Joe Labate wins face-off versus Nico Sturm in Sound Tigers zone.
8:43 of 1st period - Icing by Brandon Hickey.
8:44 of 1st period - Vladislav Kamenev wins face-off versus Garret Pilon in Heat zone.
8:44 of 1st period - Vladislav Kamenev is hit by Garret Pilon.
9:12 of 1st period - Snap shot by Evgeny Svechnikov.
9:12 of 1st period - Shot Misses the Net.
9:14 of 1st period - Wrist shot by Nico Sturm.
9:14 of 1st period - Stopped by Charlie Lindgren without a rebound.
9:15 of 1st period - Nico Sturm wins face-off versus Joe Labate in Sound Tigers zone.
9:16 of 1st period - Snap shot by Peter Cehlarik.
9:16 of 1st period - Shot Misses the Net.
10:23 of 1st period - Vladislav Kamenev is hit by Joe Labate and loses puck.
10:30 of 1st period - Wrist shot by Jordan Greenway.
10:30 of 1st period - Goal by Jordan Greenway - Sound Tigers : 1 - Heat : 1.
10:31 of 1st period - Nico Sturm wins face-off versus Joe Labate in neutral zone.
10:58 of 1st period - Ben Thomson is hit by Jesper Bratt.
11:23 of 1st period - Minor Penalty to Tyrell Goulbourne for Hooking.
11:24 of 1st period - Joe Labate wins face-off versus Nico Sturm in Sound Tigers zone.
13:13 of 1st period - Jesper Bratt is hit by Ben Thomson.
13:23 of 1st period - Penalty to Tyrell Goulbourne is over, Tyrell Goulbourne is back on ice.
14:21 of 1st period - Peter Cehlarik is hit by Slater Koekkoek and loses puck.
14:40 of 1st period - Brandon Hickey is hit by Alexander Yelesin and loses puck.
15:03 of 1st period - Nico Sturm is hit by Garret Pilon.
15:06 of 1st period - Off-side.
15:07 of 1st period - Ryan Spooner wins face-off versus Garret Pilon in neutral zone.
15:10 of 1st period - Ross Colton is hit by Ryan Spooner and loses puck.
15:19 of 1st period - Snap shot by Rasmus Andersson.
15:19 of 1st period - Shot Misses the Net.
15:29 of 1st period - Rasmus Andersson is hit by Alex Belzile and loses puck.
16:01 of 1st period - Wrist shot by Peter Cehlarik.
16:01 of 1st period - Shot Blocked by Austin Watson.
16:03 of 1st period - Snap shot by Peter Cehlarik.
16:03 of 1st period - Shot Misses the Net.
16:05 of 1st period - Snap shot by Evgeny Svechnikov.
16:05 of 1st period - Shot Misses the Net.
16:45 of 1st period - Snap shot by Barclay Goodrow.
16:45 of 1st period - Stopped by Charlie Lindgren without a rebound.
16:46 of 1st period - Nico Sturm wins face-off versus Joe Labate in Sound Tigers zone.
16:49 of 1st period - Wrist shot by Evgeny Svechnikov.
16:49 of 1st period - Stopped by Charlie Lindgren without a rebound.
16:50 of 1st period - Nico Sturm wins face-off versus Joe Labate in Sound Tigers zone.
16:51 of 1st period - Snap shot by Evgeny Svechnikov.
16:51 of 1st period - Shot Blocked by Alexander Yelesin.
17:05 of 1st period - Wrist shot by Peter Cehlarik.
17:05 of 1st period - Deflect By Evgeny Svechnikov.
17:05 of 1st period - Stopped by Charlie Lindgren with a rebound.
17:23 of 1st period - Alex Belzile is hit by Erik Brannstrom.
17:39 of 1st period - Alexander Yelesin is hit by Erik Brannstrom and loses puck.
18:00 of 1st period - Slapshot by Pavel Kraskovsky.
18:00 of 1st period - Stopped by Vitek Vanecek without a rebound.
18:01 of 1st period - Evgeny Svechnikov wins face-off versus Joe Labate in Heat zone.
18:06 of 1st period - Slapshot by Rasmus Andersson.
18:06 of 1st period - Stopped by Charlie Lindgren with a rebound.
18:36 of 1st period - Snap shot by Oliver Kylington.
18:36 of 1st period - Shot Blocked by Jesper Bratt.
18:38 of 1st period - Slapshot by Oliver Kylington.
18:38 of 1st period - Stopped by Vitek Vanecek with a rebound.
18:40 of 1st period - Wrist shot by Rhett Gardner.
18:40 of 1st period - Deflect By Barclay Goodrow.
18:40 of 1st period - Stopped by Vitek Vanecek with a rebound.
18:46 of 1st period - Minor Penalty to Petteri Lindbohm for Tripping.
18:47 of 1st period - Barclay Goodrow wins face-off versus Joe Labate in Heat zone.
18:56 of 1st period - Backhand shot by Slater Koekkoek.
18:56 of 1st period - Stopped by Vitek Vanecek with a rebound.
18:58 of 1st period - Wrist shot by Jordan Greenway.
18:58 of 1st period - Stopped by Vitek Vanecek with a rebound.
19:54 of 1st period - Slapshot by Rasmus Andersson.
19:54 of 1st period - Shot Misses the Net.
Goals for this period are 1 for Sound Tigers vs 1 for Heat.
Shots for this period are 12 for Sound Tigers vs 9 for Heat.
2nd period
0:01 of 2nd period - Joe Labate wins face-off versus Peter Cehlarik in neutral zone.
0:12 of 2nd period - Icing by Oliver Kylington.
0:13 of 2nd period - Peter Cehlarik wins face-off versus Joe Labate in Sound Tigers zone.
0:26 of 2nd period - Slapshot by Rasmus Andersson.
0:26 of 2nd period - Stopped by Charlie Lindgren with a rebound.
0:46 of 2nd period - Penalty to Petteri Lindbohm is over, Petteri Lindbohm is back on ice.
0:51 of 2nd period - Oliver Kylington is hit by Nico Sturm and loses puck.
1:02 of 2nd period - Wrist shot by Joe Labate.
1:02 of 2nd period - Stopped by Vitek Vanecek with a rebound.
1:04 of 2nd period - Snap shot by Slater Koekkoek.
1:04 of 2nd period - Deflect By Rasmus Andersson.
1:04 of 2nd period - Stopped by Vitek Vanecek without a rebound.
1:05 of 2nd period - Pavel Kraskovsky wins face-off versus Ryan Donato in Heat zone.
1:20 of 2nd period - Snap shot by Alex Belzile.
1:20 of 2nd period - Shot Misses the Net.
1:32 of 2nd period - Brett Connolly is hit by Evgeny Svechnikov and loses puck.
1:55 of 2nd period - Jakub Galvas is hit by Barclay Goodrow and loses puck.
2:28 of 2nd period - Slapshot by Evgeny Svechnikov.
2:28 of 2nd period - Stopped by Charlie Lindgren with a rebound.
2:30 of 2nd period - Slapshot by Evgeny Svechnikov.
2:30 of 2nd period - Shot Misses the Net.
2:57 of 2nd period - Snap shot by Rhett Gardner.
2:57 of 2nd period - Stopped by Vitek Vanecek with a rebound.
3:01 of 2nd period - Snap shot by Brett Connolly.
3:01 of 2nd period - Stopped by Vitek Vanecek with a rebound.
3:17 of 2nd period - Slapshot by Ross Colton.
3:17 of 2nd period - Shot Misses the Net.
3:45 of 2nd period - Off-side.
3:46 of 2nd period - Nico Sturm wins face-off versus Joe Labate in neutral zone.
3:49 of 2nd period - Snap shot by Peter Cehlarik.
3:49 of 2nd period - Stopped by Charlie Lindgren with a rebound.
3:51 of 2nd period - Slapshot by Petteri Lindbohm.
3:51 of 2nd period - Stopped by Charlie Lindgren without a rebound.
3:52 of 2nd period - Evgeny Svechnikov wins face-off versus Jordan Greenway in Sound Tigers zone.
3:53 of 2nd period - Snap shot by Peter Cehlarik.
3:53 of 2nd period - Shot Blocked by Jakub Galvas.
3:55 of 2nd period - Slapshot by Peter Cehlarik.
3:55 of 2nd period - Stopped by Charlie Lindgren with a rebound.
4:38 of 2nd period - Snap shot by Peter Cehlarik.
4:38 of 2nd period - Stopped by Charlie Lindgren without a rebound.
4:39 of 2nd period - Ryan Spooner wins face-off versus Pavel Kraskovsky in Sound Tigers zone.
4:54 of 2nd period - Slapshot by Oliver Kylington.
4:54 of 2nd period - Shot Blocked by Frank Corrado.
5:04 of 2nd period - Jordan Greenway is hit by Ryan Donato and loses puck.
5:09 of 2nd period - Snap shot by Taylor Raddysh.
5:09 of 2nd period - Shot Blocked by Oliver Kylington.
5:11 of 2nd period - Snap shot by Brandon Hickey.
5:11 of 2nd period - Deflect By Taylor Raddysh.
5:11 of 2nd period - Stopped by Charlie Lindgren with a rebound.
5:13 of 2nd period - Slapshot by Christian Jaros.
5:13 of 2nd period - Shot Misses the Net.
5:31 of 2nd period - Tyrell Goulbourne is hit by Christian Jaros and loses puck.
5:40 of 2nd period - Christian Jaros is hit by Tyrell Goulbourne and loses puck.
5:51 of 2nd period - Tage Thompson is hit by Nick Blankenburg and loses puck.
6:40 of 2nd period - Wrist shot by Barclay Goodrow.
6:40 of 2nd period - Shot Blocked by Jakub Galvas.
6:48 of 2nd period - Slapshot by Jesper Bratt.
6:48 of 2nd period - Shot Blocked by Jakub Galvas.
7:36 of 2nd period - Petteri Lindbohm is hit by Pavel Kraskovsky and loses puck.
7:51 of 2nd period - Ryan Donato is hit by Alexander Yelesin and loses puck.
7:56 of 2nd period - Snap shot by Austin Watson.
7:56 of 2nd period - Stopped by Vitek Vanecek without a rebound.
7:57 of 2nd period - Joe Labate wins face-off versus Nico Sturm in Heat zone.
8:40 of 2nd period - Snap shot by Evgeny Svechnikov.
8:40 of 2nd period - Shot Misses the Net.
8:42 of 2nd period - Snap shot by Petteri Lindbohm.
8:42 of 2nd period - Deflect By Nico Sturm.
8:42 of 2nd period - Stopped by Charlie Lindgren without a rebound.
8:43 of 2nd period - Ryan Spooner wins face-off versus Pavel Kraskovsky in Sound Tigers zone.
8:49 of 2nd period - Snap shot by Ryan Spooner.
8:49 of 2nd period - Stopped by Charlie Lindgren with a rebound.
8:51 of 2nd period - Slapshot by Brandon Hickey.
8:51 of 2nd period - Deflect By Barclay Goodrow.
8:51 of 2nd period - Shot Blocked by Alexander Yelesin.
8:51 of 2nd period - Puck is out of play.
8:52 of 2nd period - Ryan Spooner wins face-off versus Ben Thomson in Sound Tigers zone.
9:40 of 2nd period - Snap shot by Ryan Spooner.
9:40 of 2nd period - Stopped by Charlie Lindgren without a rebound.
9:41 of 2nd period - Joe Labate wins face-off versus Nico Sturm in Sound Tigers zone.
9:41 of 2nd period - Joe Labate is hit by Petteri Lindbohm.
9:47 of 2nd period - Backhand shot by Slater Koekkoek.
9:47 of 2nd period - Shot Misses the Net.
10:17 of 2nd period - Slapshot by Oliver Kylington.
10:17 of 2nd period - Shot Misses the Net.
10:19 of 2nd period - Backhand shot by Brett Connolly.
10:19 of 2nd period - Shot Blocked by Petteri Lindbohm.
10:53 of 2nd period - Snap shot by Peter Cehlarik.
10:53 of 2nd period - Deflect By Evgeny Svechnikov.
10:53 of 2nd period - Stopped by Charlie Lindgren without a rebound.
10:54 of 2nd period - Pavel Kraskovsky wins face-off versus Nico Sturm in Sound Tigers zone.
11:03 of 2nd period - Snap shot by Alex Belzile.
11:03 of 2nd period - Shot Blocked by Frank Corrado.
11:05 of 2nd period - Wrist shot by Ben Thomson.
11:05 of 2nd period - Shot Blocked by Frank Corrado.
11:07 of 2nd period - Slapshot by Alexander Yelesin.
11:07 of 2nd period - Shot Blocked by Evgeny Svechnikov.
11:09 of 2nd period - Slapshot by Alexander Yelesin.
11:09 of 2nd period - Stopped by Vitek Vanecek with a rebound.
11:19 of 2nd period - Austin Watson is hit by Barclay Goodrow and loses puck.
12:39 of 2nd period - Snap shot by Jordan Greenway.
12:39 of 2nd period - Stopped by Vitek Vanecek without a rebound.
12:40 of 2nd period - Joe Labate wins face-off versus Ryan Spooner in Heat zone.
12:45 of 2nd period - Snap shot by Joe Labate.
12:45 of 2nd period - Stopped by Vitek Vanecek with a rebound.
12:47 of 2nd period - Slapshot by Alexander Yelesin.
12:47 of 2nd period - Stopped by Vitek Vanecek without a rebound.
12:48 of 2nd period - Joe Labate wins face-off versus Nico Sturm in Heat zone.
12:49 of 2nd period - Wrist shot by Jordan Greenway.
12:49 of 2nd period - Stopped by Vitek Vanecek with a rebound.
13:01 of 2nd period - Wrist shot by Nico Sturm.
13:01 of 2nd period - Shot Misses the Net.
13:03 of 2nd period - Slapshot by Rasmus Andersson.
13:03 of 2nd period - Shot Misses the Net.
13:20 of 2nd period - Off-side.
13:21 of 2nd period - Pavel Kraskovsky wins face-off versus Ryan Spooner in neutral zone.
13:26 of 2nd period - Slapshot by Oliver Kylington.
13:26 of 2nd period - Shot Misses the Net.
13:36 of 2nd period - Slapshot by Erik Brannstrom.
13:36 of 2nd period - Shot Blocked by Oliver Kylington.
13:48 of 2nd period - Frank Corrado is hit by Austin Watson and loses puck.
13:57 of 2nd period - Wrist shot by Joe Labate.
13:57 of 2nd period - Stopped by Vitek Vanecek with a rebound.
13:59 of 2nd period - Slapshot by Austin Watson.
13:59 of 2nd period - Deflect By Joe Labate.
13:59 of 2nd period - Shot Misses the Net.
13:59 of 2nd period - Puck is out of play.
14:00 of 2nd period - Ryan Spooner wins face-off versus Rhett Gardner in Heat zone.
14:47 of 2nd period - Oliver Kylington is hit by Petteri Lindbohm.
15:17 of 2nd period - Oliver Kylington is hit by Vladislav Kamenev and loses puck.
15:35 of 2nd period - Slapshot by Tyrell Goulbourne.
15:35 of 2nd period - Goal by Tyrell Goulbourne - Sound Tigers : 2 - Heat : 1.
15:36 of 2nd period - Joe Labate wins face-off versus Evgeny Svechnikov in neutral zone.
15:48 of 2nd period - Snap shot by Austin Watson.
15:48 of 2nd period - Shot Misses the Net.
16:46 of 2nd period - Minor Penalty to Peter Cehlarik for Interference.
16:47 of 2nd period - Ryan Donato wins face-off versus Pavel Kraskovsky in Heat zone.
17:14 of 2nd period - Icing by Austin Watson.
17:15 of 2nd period - Ryan Donato wins face-off versus Joe Labate in Sound Tigers zone.
17:28 of 2nd period - Slapshot by Oliver Kylington.
17:28 of 2nd period - Shot Misses the Net.
17:30 of 2nd period - Slapshot by Slater Koekkoek.
17:30 of 2nd period - Stopped by Vitek Vanecek without a rebound.
17:31 of 2nd period - Ryan Donato wins face-off versus Pavel Kraskovsky in Heat zone.
17:31 of 2nd period - Ryan Donato is hit by Alexander Yelesin.
17:49 of 2nd period - Snap shot by Pavel Kraskovsky.
17:49 of 2nd period - Stopped by Vitek Vanecek without a rebound.
17:50 of 2nd period - Joe Labate wins face-off versus Ryan Donato in Heat zone.
18:46 of 2nd period - Penalty to Peter Cehlarik is over, Peter Cehlarik is back on ice.
19:15 of 2nd period - Snap shot by Jordan Greenway.
19:15 of 2nd period - Stopped by Vitek Vanecek with a rebound.
19:29 of 2nd period - Slapshot by Rasmus Andersson.
19:29 of 2nd period - Shot Blocked by Jakub Galvas.
19:34 of 2nd period - Off-side.
19:35 of 2nd period - Joe Labate wins face-off versus Nico Sturm in neutral zone.
Goals for this period are 1 for Sound Tigers vs 0 for Heat.
Shots for this period are 15 for Sound Tigers vs 11 for Heat.
3rd period
0:01 of 3rd period - Joe Labate wins face-off versus Nico Sturm in neutral zone.
0:03 of 3rd period - Minor Penalty to Austin Watson for Cross-checking.
0:04 of 3rd period - Joe Labate wins face-off versus Nico Sturm in Sound Tigers zone.
1:00 of 3rd period - Jordan Greenway is hit by Petteri Lindbohm and loses puck.
2:03 of 3rd period - Penalty to Austin Watson is over, Austin Watson is back on ice.
2:19 of 3rd period - Vladislav Kamenev is hit by Rhett Gardner.
2:55 of 3rd period - Snap shot by Brett Connolly.
2:55 of 3rd period - Shot Misses the Net.
2:57 of 3rd period - Snap shot by Rhett Gardner.
2:57 of 3rd period - Shot Misses the Net.
2:59 of 3rd period - Snap shot by Oliver Kylington.
2:59 of 3rd period - Shot Misses the Net.
3:01 of 3rd period - Wrist shot by Rhett Gardner.
3:01 of 3rd period - Shot Misses the Net.
3:03 of 3rd period - Slapshot by Brett Connolly.
3:03 of 3rd period - Shot Misses the Net.
3:05 of 3rd period - Slapshot by Oliver Kylington.
3:05 of 3rd period - Shot Blocked by Christian Jaros.
3:07 of 3rd period - Snap shot by Rhett Gardner.
3:07 of 3rd period - Shot Blocked by Brandon Hickey.
3:09 of 3rd period - Snap shot by Tyrell Goulbourne.
3:09 of 3rd period - Shot Misses the Net.
3:26 of 3rd period - Icing by Tyrell Goulbourne.
3:27 of 3rd period - Rhett Gardner wins face-off versus Nico Sturm in Sound Tigers zone.
3:27 of 3rd period - Rhett Gardner is hit by Peter Cehlarik.
3:32 of 3rd period - Oliver Kylington is hit by Evgeny Svechnikov.
3:36 of 3rd period - Snap shot by Brett Connolly.
3:36 of 3rd period - Shot Misses the Net.
3:44 of 3rd period - Snap shot by Tyrell Goulbourne.
3:44 of 3rd period - Shot Blocked by Petteri Lindbohm.
3:46 of 3rd period - Snap shot by Brett Connolly.
3:46 of 3rd period - Stopped by Vitek Vanecek without a rebound.
3:47 of 3rd period - Joe Labate wins face-off versus Ryan Spooner in Heat zone.
4:08 of 3rd period - Minor Penalty to Barclay Goodrow for Slashing.
4:09 of 3rd period - Eric Karlsson wins face-off versus Joe Labate in Heat zone.
4:09 of 3rd period - Eric Karlsson is hit by Joe Labate.
4:30 of 3rd period - Minor Penalty to Petteri Lindbohm for Interference.
4:31 of 3rd period - Joe Labate wins face-off versus Ryan Spooner in Heat zone.
6:08 of 3rd period - Penalty to Barclay Goodrow is over, Barclay Goodrow is back on ice.
6:30 of 3rd period - Penalty to Petteri Lindbohm is over, Petteri Lindbohm is back on ice.
6:42 of 3rd period - Slapshot by Eric Karlsson.
6:42 of 3rd period - Shot Blocked by Nick Blankenburg.
6:44 of 3rd period - Wrist shot by Ryan Donato.
6:44 of 3rd period - Shot Hit the Post.
6:55 of 3rd period - Icing by Frank Corrado.
6:56 of 3rd period - Nico Sturm wins face-off versus Garret Pilon in Heat zone.
7:45 of 3rd period - Slapshot by Rasmus Andersson.
7:45 of 3rd period - Shot Misses the Net.
8:09 of 3rd period - Wrist shot by Evgeny Svechnikov.
8:09 of 3rd period - Stopped by Charlie Lindgren with a rebound.
8:25 of 3rd period - Slapshot by Vladislav Kamenev.
8:25 of 3rd period - Shot Misses the Net.
8:27 of 3rd period - Slapshot by Brandon Hickey.
8:27 of 3rd period - Shot Misses the Net.
8:29 of 3rd period - Slapshot by Brandon Hickey.
8:29 of 3rd period - Deflect By Garret Pilon.
8:29 of 3rd period - Stopped by Charlie Lindgren without a rebound.
8:30 of 3rd period - Ryan Spooner wins face-off versus Pavel Kraskovsky in Sound Tigers zone.
8:31 of 3rd period - Snap shot by Jesper Bratt.
8:31 of 3rd period - Shot Blocked by Pavel Kraskovsky.
8:34 of 3rd period - Icing by Simon Benoit.
8:35 of 3rd period - Ryan Spooner wins face-off versus Pavel Kraskovsky in Sound Tigers zone.
8:42 of 3rd period - Jakub Galvas is hit by Barclay Goodrow.
9:00 of 3rd period - Snap shot by Jordan Greenway.
9:00 of 3rd period - Deflect By Austin Watson.
9:00 of 3rd period - Stopped by Vitek Vanecek without a rebound.
9:01 of 3rd period - Joe Labate wins face-off versus Nico Sturm in Heat zone.
9:27 of 3rd period - Peter Cehlarik is hit by Joe Labate and loses puck.
9:37 of 3rd period - Alexander Yelesin is hit by Petteri Lindbohm and loses puck.
9:40 of 3rd period - Minor Penalty to Rasmus Andersson for Cross-checking.
9:41 of 3rd period - Peter Cehlarik wins face-off versus Pavel Kraskovsky in Heat zone.
9:46 of 3rd period - Backhand shot by Peter Cehlarik.
9:46 of 3rd period - Stopped by Charlie Lindgren without a rebound.
9:47 of 3rd period - Pavel Kraskovsky wins face-off versus Peter Cehlarik in Sound Tigers zone.
10:13 of 3rd period - Wrist shot by Ben Thomson.
10:13 of 3rd period - Shot Blocked by Nico Sturm.
10:29 of 3rd period - Slapshot by Oliver Kylington.
10:29 of 3rd period - Stopped by Vitek Vanecek without a rebound.
10:30 of 3rd period - Peter Cehlarik wins face-off versus Joe Labate in Heat zone.
10:30 of 3rd period - Peter Cehlarik is hit by Jordan Greenway.
10:56 of 3rd period - Alexander Yelesin is hit by Christian Jaros and loses puck.
11:40 of 3rd period - Penalty to Rasmus Andersson is over, Rasmus Andersson is back on ice.
12:07 of 3rd period - Vladislav Kamenev is hit by Garret Pilon and loses puck.
12:18 of 3rd period - Slapshot by Frank Corrado.
12:18 of 3rd period - Shot Misses the Net.
12:28 of 3rd period - Rhett Gardner is hit by Evgeny Svechnikov and loses puck.
13:37 of 3rd period - Slapshot by Ryan Donato.
13:37 of 3rd period - Goal by Ryan Donato - Sound Tigers : 2 - Heat : 2.
13:38 of 3rd period - Nico Sturm wins face-off versus Joe Labate in neutral zone.
14:04 of 3rd period - Nico Sturm is hit by Tyrell Goulbourne.
14:10 of 3rd period - Snap shot by Brett Connolly.
14:10 of 3rd period - Shot Blocked by Petteri Lindbohm.
14:12 of 3rd period - Slapshot by Nick Blankenburg.
14:12 of 3rd period - Shot Blocked by Petteri Lindbohm.
14:14 of 3rd period - Slapshot by Alexander Yelesin.
14:14 of 3rd period - Deflect By Petteri Lindbohm.
14:14 of 3rd period - Stopped by Vitek Vanecek with a rebound.
14:16 of 3rd period - Slapshot by Alexander Yelesin.
14:16 of 3rd period - Stopped by Vitek Vanecek without a rebound.
14:17 of 3rd period - Ryan Spooner wins face-off versus Austin Watson in Heat zone.
14:21 of 3rd period - Off-side.
14:22 of 3rd period - Ryan Spooner wins face-off versus Joe Labate in neutral zone.
15:02 of 3rd period - Off-side.
15:03 of 3rd period - Ryan Donato wins face-off versus Rhett Gardner in neutral zone.
15:30 of 3rd period - Nico Sturm is hit by Alex Belzile and loses puck.
15:59 of 3rd period - Slapshot by Filip Zadina.
15:59 of 3rd period - Stopped by Vitek Vanecek with a rebound.
16:15 of 3rd period - Snap shot by Ryan Spooner.
16:15 of 3rd period - Stopped by Charlie Lindgren without a rebound.
16:16 of 3rd period - Rhett Gardner wins face-off versus Ryan Donato in Sound Tigers zone.
16:21 of 3rd period - Wrist shot by Rhett Gardner.
16:21 of 3rd period - Shot Misses the Net.
16:23 of 3rd period - Snap shot by Tyrell Goulbourne.
16:23 of 3rd period - Stopped by Vitek Vanecek with a rebound.
16:25 of 3rd period - Slapshot by Tyrell Goulbourne.
16:25 of 3rd period - Shot Blocked by Brandon Hickey.
16:27 of 3rd period - Slapshot by Slater Koekkoek.
16:27 of 3rd period - Deflect By Tyrell Goulbourne.
16:27 of 3rd period - Shot Misses the Net.
16:27 of 3rd period - Puck is out of play.
16:28 of 3rd period - Joe Labate wins face-off versus Ryan Donato in Heat zone.
17:00 of 3rd period - Backhand shot by Tyrell Goulbourne.
17:00 of 3rd period - Shot Blocked by Nico Sturm.
17:41 of 3rd period - Petteri Lindbohm is hit by Ross Colton and loses puck.
18:02 of 3rd period - Slapshot by Eric Karlsson.
18:02 of 3rd period - Shot Misses the Net.
18:08 of 3rd period - Petteri Lindbohm is hit by Jordan Greenway and loses puck.
18:18 of 3rd period - Off-side.
18:19 of 3rd period - Rhett Gardner wins face-off versus Nico Sturm in neutral zone.
18:19 of 3rd period - Rhett Gardner is hit by Evgeny Svechnikov.
18:58 of 3rd period - Icing by Jakub Galvas.
18:59 of 3rd period - Nico Sturm wins face-off versus Pavel Kraskovsky in Sound Tigers zone.
19:24 of 3rd period - Pavel Kraskovsky is hit by Peter Cehlarik and loses puck.
19:54 of 3rd period - Icing by Jakub Galvas.
19:55 of 3rd period - Jesper Bratt wins face-off versus Pavel Kraskovsky in Sound Tigers zone.
19:58 of 3rd period - Wrist shot by Taylor Raddysh.
19:58 of 3rd period - Shot Misses the Net.
Goals for this period are 0 for Sound Tigers vs 1 for Heat.
Shots for this period are 7 for Sound Tigers vs 5 for Heat.
Overtime #1
0:01 of 1st overtime period - Ben Thomson wins face-off versus Evgeny Svechnikov in neutral zone.
0:04 of 1st overtime period - Slapshot by Oliver Kylington.
0:04 of 1st overtime period - Shot Blocked by Evgeny Svechnikov.
0:06 of 1st overtime period - Backhand shot by Ben Thomson.
0:06 of 1st overtime period - Goal by Ben Thomson - Sound Tigers : 3 - Heat : 2.
Goals for this period are 1 for Sound Tigers vs 0 for Heat.
Shots for this period are 1 for Sound Tigers vs 0 for Heat.